cohdb
Replays
Latest Replays
All Replays
Popular Replays
Top Player Replays
Match Explorer
How It Works
Community
CoH3 Stats
Reddit
Sign in to upload your games and track your stats! →
Sign in with Steam
Match 45659994
Unlisted
Match 45659994
Overview
Messages
Build Orders
End
Kradschützen Motorcycle Team
Panzergrenadier Squad
Panzergrenadier Squad
Construct Light Support Kompanie
MG34 Team
Fire Support Elements
Construct Mechanized Kompanie
Selects Italian Infantry
Selects Guastatori Squad
Guastatori Squad
Construct Mechanized Kompanie
StuG III D Assault Gun
Marder III Tank Destroyer
2.5-tonne Medical Truck
Marder III Tank Destroyer
DatLauch
GUYFUN
< blank >
See no Evil
nick_2xd
Oncle-Hô
Kag_Warduff
Kris Jungle (PL)
0
0
Comments
sign in to comment!
No comments posted yet!